 Dungeon Crawl Stone Soup version 0.22-a0-455-ga0624bf (webtiles) character file.

8458 KristoblXynda the Cleaver (level 11, -2/88 HPs)
             Began as a Deep Dwarf Fighter on June 5, 2018.
             Was a Follower of Makhleb.
             Slain by a crocodile (3 damage)
             ... on level 11 of the Dungeon.
             The game lasted 00:23:23 (9741 turns).

KristoblXynda the Cleaver (Deep Dwarf Fighter)      Turns: 9741, Time: 00:23:25

Health: -2/88      AC: 17    Str: 22    XL:     11   Next: 10%
Magic:  16/16      EV:  7    Int: 10    God:    Makhleb [*.....]
Gold:   534        SH: 12    Dex: 12    Spells: 10/10 levels left

rFire    . . .     SeeInvis +   H - +1 war axe (venom)
rCold    + . .     Gourm    .   c - +0 shield
rNeg     . . .     Faith    .   D - +0 chain mail
rPois    .         Spirit   .   (no helmet)
rElec    .         Reflect  .   C - +0 cloak
rCorr    .         Harm     .   k - +0 pair of gloves
MR       +....                  h - +1 pair of boots
Stlth    ..........             (no amulet)
HPRegen  0.00/turn              g - ring of see invisible
MPRegen  0.15/turn              w - ring of protection from cold

@: non-regenerating
A: damage resistance, heal wounds, sense surroundings 2, no regeneration
a: Heal Wounds, Renounce Religion


You were on level 11 of the Dungeon.
You worshipped Makhleb.
Makhleb was aware of your devotion.
You were not hungry.

You visited 2 branches of the dungeon, and saw 12 of its levels.
You also visited: Sewer.

You collected 534 gold pieces.

Inventory:

Hand Weapons
 y - a +0 whip of flaming
 H - a +1 war axe of venom (weapon)
Missiles
 u - 2 throwing nets (quivered)
Armour
 c - a +0 shield (worn)
 h - a +1 pair of boots (worn)
 k - a +0 pair of gloves (worn)
 C - a +0 cloak (worn)
 D - a +0 chain mail (worn)
Jewellery
 g - a ring of see invisible (left hand)
 w - a ring of protection from cold (right hand)
Wands
 e - a wand of clouds (4)
 z - a wand of disintegration (16)
 B - a wand of paralysis (25)
 F - a wand of acid (23)
Scrolls
 b - 2 scrolls of enchant armour
 i - 2 scrolls of immolation
 l - 2 scrolls of remove curse
 o - 6 scrolls of teleportation
 q - a scroll of silence
 v - 2 scrolls of amnesia
 x - 3 scrolls of identify
 A - 3 scrolls of blinking
Potions
 a - a potion of invisibility
 d - 3 potions of might
 j - a potion of resistance
 m - a potion of lignification
 n - 3 potions of agility
 p - 4 potions of haste
 r - 3 potions of brilliance
 s - 2 potions of curing
 t - a potion of flight
Miscellaneous
 G - a phial of floods (inert)
Comestibles
 f - 15 rations


   Skills:
 - Level 2.6 Fighting
 + Level 11.8 Axes
 + Level 10.1 Armour
 + Level 10.0 Shields
 + Level 7.4 Evocations


You had 10 spell levels left.
You didn't know any spells.
Your spell library was empty.

Dungeon Overview and Level Annotations

Branches:
Dungeon (11/15)            Temple (1/1) D:7            Lair (0/6) D:8
    Orc: D:9-12

Altars:
Ashenzari
Cheibriados
Dithmenos
Elyvilon
Fedhas
Gozag
Hepliaklqana
Kikubaaqudgha
Makhleb
Nemelex Xobeh
Okawaru
Qazlal
Ru
Sif Muna
Trog
Uskayaw
Vehumet
Wu Jian
Xom
Yredelemnul
Zin
The Shining One

Shops:
D:6 (   D:8 (   D:10 (


Innate Abilities, Weirdness & Mutations

You are resistant to damage.
You can heal yourself by infusing magical energy.
You passively map the area around you.
You do not regenerate.


Message History

You block the crocodile's attack.
The cyclops throws a large rock.
The large rock hits you!
* * * LOW HITPOINT WARNING * * *
You see here a large rock.
Okay, then.
You feel much better. You block the crocodile's attack. The cyclops hits you!!
* * * LOW HITPOINT WARNING * * *
You slash the cyclops!
The cyclops is moderately wounded.
You hit the crocodile.
The crocodile looks as sick as possible!
The crocodile bites you but does no damage.
You slash the cyclops!
The cyclops is poisoned.
The cyclops is severely wounded.
You hit the crocodile.
The crocodile looks as sick as possible!
The cyclops hits you!!
* * * LOW HITPOINT WARNING * * *
The crocodile bites you!
You die...

#.'......#..#
#.#.........#
#.#..#......#
#.#..#......#
*
#.#..#..###.#
*
#.#..#......#
###..#......#
* *
..[#....t.# *
.......##@# *
.........C# ,
######....# ,
,* * #....#
,* #....# *
,,, , #....#
, , #....# ,
#....# * * ,*


You could see a cyclops and a crocodile.

Vanquished Creatures
  A two-headed ogre (D:8)
  The ghost of wazuzu the Severer, a novice HOMo of Wu Jian (D:9)
  Pikel (D:8)
  Joseph (D:7)
  2 trolls (D:10)
  3 hippogriffs
  Prince Ribbit (D:7)
  A spriggan (D:7)
  4 yaks
  2 basilisks (D:8)
  Menkaure (D:7)
  Edmund (D:5)
  A black bear (D:7)
  An ice beast (D:7)
  5 orc warriors
  3 sky beasts
  4 ogres
  2 centaurs
  2 big kobolds (Sewer)
  4 bullfrogs
  A water moccasin zombie (D:7)
  3 scorpions
  2 killer bees (D:7)
  5 wights (D:7)
  2 howler monkeys (D:8)
  5 crimson imps
  A centaur zombie (D:8)
  2 bullfrog zombies
  4 hounds
  A quasit (D:5)
  2 jellies
  2 bullfrog skeletons
  4 orc priests
  A centaur skeleton (D:7)
  3 iguanas
  Natasha (D:4)
  8 orc wizards
  6 worker ants
  3 hound skeletons
  10 gnolls
  2 adders
  A shadow imp (D:6)
  An ooze (Sewer)
  An adder skeleton (D:6)
  3 worms
  A dart slug (D:1)
  8 leopard geckos
  36 orcs
  4 ball pythons
  12 giant cockroaches
  5 goblins
  8 hobgoblins
  9 jackals
  19 kobolds
  A quokka (D:7)
  8 bats
  5 frilled lizards
  A quokka skeleton (D:4)
  A quokka zombie (D:5)
  11 rats
244 creatures vanquished.

Vanquished Creatures (collateral kills)
  Fannar (D:10)
  4 killer bees (D:7)
5 creatures vanquished.

Vanquished Creatures (others)
  3 slaves (D:8)
  A bullfrog skeleton (D:8)
  An adder (D:7)
  A jackal (D:7)
6 creatures vanquished.

Grand Total: 255 creatures vanquished

Notes
Turn   | Place    | Note
-------+----------+-------------------------------------------
     0 | D:1      | KristoblXynda the Deep Dwarf Fighter began the quest for the Orb.
     0 | D:1      | Reached XP level 1. HP: 20/20 MP: 1/1
    31 | D:1      | Reached XP level 2. HP: 25/27 MP: 2/2
   229 | D:1      | Reached skill level 3 in Axes
   591 | D:1      | Reached XP level 3. HP: 31/33 MP: 3/3
   778 | D:2      | Noticed a sky beast
   805 | D:2      | Killed a sky beast
   805 | D:2      | Reached skill level 4 in Axes
   805 | D:2      | Reached XP level 4. HP: 12/40 MP: 4/4
  1126 | D:2      | Reached XP level 5. HP: 12/46 MP: 5/5
  1225 | D:2      | Found a deep blue altar of Sif Muna.
  1595 | D:3      | Found a stormy altar of Qazlal.
  1640 | D:3      | Found a sacrificial altar of Ru.
  1707 | D:3      | Noticed a water elemental
  1708 | D:3      | Noticed an air elemental
  1708 | D:3      | Noticed a fire elemental
  1741 | D:3      | Found a shadowy altar of Dithmenos.
  1802 | D:3      | Found a blossoming altar of Fedhas.
  1825 | D:3      | Found a glowing drain.
  1839 | Sewer    | Entered a sewer
  2351 | Sewer    | Reached skill level 5 in Axes
  2351 | Sewer    | Reached XP level 6. HP: 34/55 MP: 6/6
  2813 | D:4      | Reached skill level 5 in Armour
  2813 | D:4      | Reached skill level 5 in Shields
  2843 | D:4      | Found a shimmering altar of Xom.
  2895 | D:4      | Reached skill level 6 in Axes
  2895 | D:4      | Reached XP level 7. HP: 21/61 MP: 7/7
  3060 | D:4      | Reached skill level 7 in Axes
  3179 | D:4      | Noticed Natasha
  3189 | D:4      | Killed Natasha
  3254 | D:5      | Entered Level 5 of the Dungeon
  3490 | D:5      | Reached XP level 8. HP: 31/68 MP: 8/8
  3551 | D:5      | Noticed Edmund
  3569 | D:5      | Killed Edmund
  3845 | D:5      | Reached skill level 8 in Axes
  4684 | D:6      | Found a glowing silver altar of Zin.
  4755 | D:6      | Reached skill level 9 in Axes
  4828 | D:6      | Found Hauffiq's Weapon Shoppe.
  5206 | D:6      | Gained mutation: You passively map the area around you. [Deep Dwarf growth]
  5206 | D:6      | Reached XP level 9. HP: 12/74 MP: 9/9
  5297 | D:7      | Noticed Menkaure
  5343 | D:7      | Killed Menkaure
  5687 | D:7      | Found a radiant altar of Vehumet.
  5728 | D:7      | Reached skill level 10 in Axes
  5774 | D:7      | Noticed Prince Ribbit
  5781 | D:7      | Killed Prince Ribbit
  5803 | D:7      | Reached skill level 1 in Evocations
  6145 | D:7      | Noticed Joseph
  6159 | D:7      | Killed Joseph
  6194 | D:7      | HP: 1/74 [orc warrior/trident (12)]
  6391 | D:7      | Found a staircase to the Ecumenical Temple.
  6400 | Temple   | Entered the Ecumenical Temple
  6533 | Temple   | Became a worshipper of Makhleb the Destroyer
  6804 | D:8      | Found a staircase to the Lair.
  6860 | D:8      | Reached XP level 10. HP: 53/81 MP: 12/12
  7024 | D:8      | Noticed Pikel
  7036 | D:8      | Killed Pikel
  7036 | D:8      | Reached skill level 11 in Axes
  7036 | D:8      | Reached skill level 5 in Evocations
  7041 | D:8      | Noticed a two-headed ogre
  7058 | D:8      | Killed a two-headed ogre
  7237 | D:8      | Reached * piety under Makhleb
  7612 | D:8      | Found Gasyat's Antique Weapon Shoppe.
  7846 | D:9      | Noticed wazuzu's ghost (novice HOMo)
  7862 | D:9      | Killed wazuzu's ghost
  8141 | D:9      | Found a snail-covered altar of Cheibriados.
  8762 | D:9      | Found a shadowy altar of Dithmenos.
  8762 | D:9      | Found a snail-covered altar of Cheibriados.
  8913 | D:10     | Entered Level 10 of the Dungeon
  8913 | D:10     | Noticed Fannar
  9097 | D:10     | Reached XP level 11. HP: 47/88 MP: 16/16
  9106 | D:10     | Reached skill level 10 in Armour
  9160 | D:10     | Killed Fannar
  9160 | D:10     | Reached skill level 10 in Shields
  9550 | D:10     | Found Sisuruq's Antique Weapon Emporium.
  9741 | D:11     | HP: 1/88 [cyclops (18)]
  9741 | D:11     | Slain by a crocodile

Vault maps used:
D:1:      ncdulo_lavacross
D:2:      lemuel_blue_sif_altar, serial_bayou, serial_bayou_ford_a,
          serial_bayou_pond_d, serial_bayou_pond_c, serial_bayou_pond_d,
          serial_bayou_lagoon_a
D:3:      nicolae_qazlal_style_of_elements, old_standard_altar,
          nicolae_ru_awakened_eye, portal_sewer_entry_f,
          nicolae_dithmenos_through_a_glass_darkly
D:4:      first_ration, lemuel_statue_altar, uniq_natasha
D:5:      kennysheep_decorative_pillar, uniq_edmund
D:6:      lemuel_doored_altar, serial_shops, nicolae_shop_statue_plus
D:7:      fiery_altar_vehumet, lemuel_temple_firewalk_a, the_bakery,
          uniq_prince_ribbit1, uniq_menkaure, uniq_joseph
D:8:      david_lair_generic, serial_shops, nicolae_shop_overgrown_old_shop,
          uniq_pikel
D:9:      gammafunk_temple_overflow_elements, basic_altar
D:10:     serial_shops, shop, uniq_fannar
Temple:   dpeg_chambers_temple
Sewer:    kennysheep_pipe_town

Skill      XL: |  1  2  3  4  5  6  7  8  9 10 11 |
---------------+----------------------------------+-----
Axes           | 3 4 5 6 7 9 10 11 | 11.8
Armour         | 4 5 6 7 8 9 10 | 10.1
Shields        | 4 5 6 7 8 9 10 | 10.0
Evocations     | 3 7 |  7.4
Fighting       | |  2.6

Action                   |  1- 3 |  4- 6 |  7- 9 | 10-12 || total
-------------------------+-------+-------+-------+-------++-------
Melee: War axe           |    80 |   199 |   396 |   249 ||   924
 Abil: Heal Wounds       |       |     1 |     7 |     3 ||    11
Evoke: Wand              |       |       |    12 |     9 ||    21
       Phial of floods   |       |       |       |     1 ||     1
  Use: Scroll            |       |    13 |     5 |     6 ||    24
       Potion            |       |     5 |     5 |     2 ||    12
 Stab: Paralysed         |       |       |    16 |    11 ||    27
       Confused          |       |       |     1 |       ||     1
  Eat: Chunk             |       |     7 |     5 |     1 ||    13
       Ration            |       |       |     3 |     2 ||     5
Armor: Scale mail        |    53 |    80 |   175 |       ||   308
       Skin              |       |       |     2 |     1 ||     3
       Plate armour      |       |       |     6 |    91 ||    97
       Chain mail        |       |       |       |    65 ||    65
Dodge: Dodged            |    23 |    80 |   135 |    51 ||   289
Block: Shield            |    49 |   127 |   260 |   140 ||   576

Table legend:
 A = Spawn XP
 B = Non-spawn XP
 C = Spawn XP percentage of total XP
 D = Spawn monster count
 E = Non-spawn monster count
 F = Spawn count percentage of total count
 G = Total turns spent on level
                    A         B        C        D         E        F      G
               +---------+---------+-------+---------+---------+-------+---------
         Total |       0 |   12084 |   0.0 |       0 |     249 |   0.0 |  9741
               +---------+---------+-------+---------+---------+-------+---------
           D:1 |       0 |      45 |   0.0 |       0 |      26 |   0.0 |   762
           D:2 |       0 |     164 |   0.0 |       0 |      20 |   0.0 |   796
           D:3 |       0 |     114 |   0.0 |       0 |      17 |   0.0 |   671
           D:4 |       0 |     793 |   0.0 |       0 |      21 |   0.0 |   465
           D:5 |       0 |     513 |   0.0 |       0 |      23 |   0.0 |  1158
           D:6 |       0 |     958 |   0.0 |       0 |      23 |   0.0 |   884
           D:7 |       0 |    2618 |   0.0 |       0 |      39 |   0.0 |  1273
           D:8 |       0 |    2772 |   0.0 |       0 |      28 |   0.0 |  1003
           D:9 |       0 |    1713 |   0.0 |       0 |      15 |   0.0 |  1139
          D:10 |       0 |    2160 |   0.0 |       0 |      13 |   0.0 |   720
         Sewer |       0 |     234 |   0.0 |       0 |      24 |   0.0 |   560
               +---------+---------+-------+---------+---------+-------+---------
